 Dungeon Crawl Stone Soup version 0.31-a0-1074-g0b22e4e0f1 (webtiles) character file.

Game seed: 1180049918597031139

135 Dittersdorf the Covered (level 5, -1/33 HPs)
             Began as a Gargoyle Fighter on Dec 1, 2023.
             Splashed by a jelly's acid (4 damage)
             ... on level 3 of the Dungeon.
             The game lasted 00:03:11 (2017 turns).

Dittersdorf the Covered (Gargoyle Fighter)          Turns: 2017, Time: 00:03:12

Health: -1/33      AC: -3    Str: 22    XL:     5   Next: 18%
Magic:  5/5        EV:  9    Int:  8    God:
Gold:   123        SH:  4    Dex:  9    Spells: 4/4 levels left

rFire   . . .        a - +0 flail
rCold   . . .        c - +0 buckler
rNeg    + . .        b - +0 scale mail
rPois   ∞            (no helmet)
rElec   +            (no cloak)
rCorr   .            (no gloves)
SInv    .            e - +0 pair of boots
Will    .....        (no amulet) Stlth
                     (no ring)
HPRegen 0.25/turn    (no ring)
MPRegen 0.09/turn

%: no passive effects
@: corroded
A: sickness immunity, AC +4, negative energy resistance 1, electricity
resistance, torment resistance 1, petrification resistance
a: no special abilities


You were on level 3 of the Dungeon.
You visited 1 branch of the dungeon, and saw 3 of its levels.

You collected 123 gold pieces.

Inventory:

Hand Weapons
 a - a +0 flail (weapon)
Armour
 b - a +0 scale mail (worn)
 c - a +0 buckler (worn)
 e - a +0 pair of boots (worn)
Scrolls
 f - 3 scrolls of fear {unknown}
 g - 5 scrolls of identify {unknown}
 h - 2 scrolls of teleportation {unknown}
 i - a scroll of torment {unknown}
 l - a scroll of immolation {unknown}
 n - a scroll of enchant weapon {unknown}
Potions
 d - a potion of might
 j - a potion of attraction {unknown}
 k - a potion of lignification {unknown}
 m - a potion of curing {unknown}
 o - a potion of resistance {unknown}
 p - a potion of degeneration {unknown}
 q - a potion of magic {unknown}
 r - a potion of haste {unknown}


   Skills:
 + Level 4.2 Fighting
 + Level 3.0 Maces & Flails
 + Level 4.2 Armour
 + Level 4.2 Shields


You had 4 spell levels left.
You didn't know any spells.
Your spell library contained the following spells:

 Spells                   Type           Power      Damage    Failure   Level
 Freeze                   Ice            0%         1d3       80%         1
 Magic Dart               Conj           0%         1d3       80%         1
 Call Imp                 Summ           0%         N/A       90%         2
 Frozen Ramparts          Ice            0%         1d1       99%         3
 Hailstorm                Conj/Ice       0%         3d3       99%         3
 Mephitic Cloud           Conj/Pois/Air  0%         N/A       99%         3
 Summon Guardian Golem    Hex/Summ       0%         N/A       99%         3
 Orb of Destruction       Conj           0%         9d5       100%        7
 Spellforged Servitor     Conj/Summ      0%         N/A       100%        7


Dungeon Overview and Level Annotations

Branches:
Dungeon (3/15)

Altars:
Fedhas
Qazlal
Sif Muna
Trog
Uskayaw
Wu Jian

Shops:
D:2 ?


Innate Abilities, Weirdness & Mutations

You are immune to sickness and miasma.
Your stone body is resilient. (AC +4)
You are immune to poison.
You resist negative energy. (rN+)
You are resistant to electric shocks. (rElec)
You are resistant to unholy torment.
You are immune to petrification.


Message History

The jelly hits you but does no damage. x2
You thump the jelly!
You kill the jelly!
Your Maces & Flails skill increases to level 3!
You have reached level 5!
You hit the jelly. The acid corrodes you!
Your hands burn!
The jelly is lightly wounded.
The jelly closely misses you.
You sock the jelly!
Your hands burn!
The jelly is heavily wounded.
The jelly closely misses you. You block the jelly's attack.
You hit the jelly. The acid corrodes you!
Your hands burn!
The jelly is severely wounded.
You block the jelly's attack.
You are too injured to fight recklessly!
You are too injured to fight recklessly!
You are too injured to fight recklessly!
You are too injured to fight recklessly!
You are too injured to fight recklessly!
You are too injured to fight recklessly!
You are too injured to fight recklessly!
You are too injured to fight recklessly!
You are too injured to fight recklessly!
You are too injured to fight recklessly!
You are too injured to fight recklessly!
You are too injured to fight recklessly!
You are too injured to fight recklessly!
You are too injured to fight recklessly!
You are too injured to fight recklessly!
You are too injured to fight recklessly!
You hit the jelly. The acid corrodes you!
Your hands burn!
The jelly is almost dead.
The jelly hits you.
You are splashed with acid!
* * * LOW HITPOINT WARNING * * *
You hit the jelly but do no damage.
Your hands burn!
* * * LOW HITPOINT WARNING * * *
The jelly is almost dead.
The jelly closely misses you. You block the jelly's attack.
You hit the jelly but do no damage.
Your hands burn!
You die...

..#####.#####.# #.# #:.# #
..............# #.. ....# ##
.######.###..## ### ####.###.
.# ### #### ####### #.#.# ##
##########..J...# ##..#.
#####......##JJ÷PPP.# #.....
#.##.......#J#.÷...÷# #..#..
##.'........#J#...JJ_# #.###.
##..'........#@#J.....# #..#†#
#)..'......#'#)#JPPJ__# #)..##
#)#.##.....#.#.#J.÷...####..###
#
#)#####....#.#.#.J.JP.##.......
###.# #######.##.....!###..####
....# ### #..# #.### #..####
#.# #...... #.# #.#####


You could see 2 jellies and an endoplasm.

Vanquished Creatures
  A jelly (D:3)
  Jessica (D:2)
  3 adders (D:2)
  2 dart slugs (D:1)
  6 endoplasms
  2 giant cockroaches
  4 hobgoblins
  3 jackals (D:1)
  2 quokkas
  4 ball pythons
  7 bats
  2 frilled lizards (D:1)
  2 goblins (D:1)
  9 kobolds
  2 rats
50 creatures vanquished.

Notes
Turn   | Place    | Note
-------+----------+-------------------------------------------
     0 | D:1      | Dittersdorf the Gargoyle Fighter began the quest for the
                  | Orb.
     0 | D:1      | Reached XP level 1. HP: 14/14 MP: 1/1
   256 | D:1      | Reached XP level 2. HP: 17/19 MP: 2/2
   856 | D:1      | Reached XP level 3. HP: 19/23 MP: 3/3
  1009 | D:2      | Found a bloodstained altar of Trog.
  1088 | D:2      | Noticed Jessica
  1107 | D:2      | Killed Jessica
  1108 | D:2      | Reached XP level 4. HP: 20/29 MP: 4/4
  1185 | D:2      | Found The Oracle's Delphic Readings.
  1522 | D:3      | Found a faded altar of an unknown god.
  2000 | D:3      | Found a hide-covered altar of Uskayaw.
  2000 | D:3      | Found an ornate altar of the Wu Jian Council.
  2000 | D:3      | Found a stormy altar of Qazlal.
  2000 | D:3      | Found a shimmering blue altar of Sif Muna.
  2000 | D:3      | Found a blossoming altar of Fedhas.
  2000 | D:3      | Found a hide-covered altar of Uskayaw.
  2012 | D:3      | Reached XP level 5. HP: 23/33 MP: 5/5
  2017 | D:3      | Splashed by a jelly's acid

Illustrated notes

Levels and vault maps discovered:
D:1:      wander_arrival_abandoned_jail, layout_basic
D:2:      layout_rooms, basic_altar, nicolae_nh_oracle_at_delphi, uniq_jessica
D:3:      cheibrodos_fertilizer, layout_loops_ring, shapermc_ecumenical_altar_gd

Skill      XL: |  1  2  3  4 |
---------------+-------------+-----
Armour         | 4 |  4.2
Shields        | 4 |  4.2
Fighting       | 4 |  4.2
Maces & Flails | 3 |  3.0

Action                     |  1- 3 |  4- 6 || total
---------------------------+-------+-------++-------
  Melee: Flail             |    74 |    86 ||   160
 Armour: Scale mail        |    43 |    59 ||   102
  Dodge: Dodged            |    40 |    34 ||    74
  Block: Buckler           |    17 |    26 ||    43

Table legend: (Time is in decaauts)
 A = Elapsed time spent in this place.
 B = Non-inter-level travel time spent in this place.
 C = Inter-level travel time spent in this place.
 D = Time resting spent in this place.
 E = Time spent auto-exploring this place.
 F = Levels seen in this place.
 G = Mean time per level.
                   A        B        C        D        E       F      G
               +--------+--------+--------+--------+--------+-----+--------+
         Total |   2063 |   1944 |    119 |      0 |   1565 |   3 |  687.7 |
       Dungeon |   2063 |   1944 |    119 |      0 |   1565 |   3 |  687.7 |
               +--------+--------+--------+--------+--------+-----+--------+

Top non-repeatable levels by time:
     D:1: 1030 daAuts
     D:3: 533 daAuts
     D:2: 499 daAuts
